TOP OF THE 1ST |
Palm Beach Nationals batting - Pitching for Amarillo ThunderHeads : RHP Jose Vela
|
Pitching: RHP Jose Vela
|
|
Batting: LHB Chris Williams
|
0-0: Ball 1-0: Ball 2-0: Foul Ball, location: 2F 2-1: Foul Ball, location: 2F 2-2: Strikes out looking
|
Batting: RHB Taffounnout Kame
|
0-0: Ball 1-0: Called Strike 1-1: Foul Ball, location: 2F 1-2: Strikes out looking
|
Batting: SHB Curtis DeLille
|
0-0: Ball 1-0: Foul Ball, location: 2F 1-1: Foul Ball, location: 2F 1-2: Fly out, F8 (Flyball, 8LD, EV 91.2 MPH)
|
Top of the 1st over - 0 runs, 0 hits, 0 errors, 0 left on base; Palm Beach 0 - Amarillo 0 |
BOTTOM OF THE 1ST |
Amarillo ThunderHeads batting - Pitching for Palm Beach Nationals : LHP Johnny Busse
|
Pitching: LHP Johnny Busse
|
|
Batting: SHB Zack Barton
|
0-0: Ball 1-0: Called Strike 1-1: SINGLE (Groundball, 6MD, EV 97.5 MPH)
|
Batting: LHB Santino Pisanello
|
0-0: Called Strike Zack Barton steals 2nd base (no throw) 0-1: SINGLE (Line Drive, 56D, EV 103.1 MPH) Zack Barton to third
|
Batting: RHB Sal Cervantes
|
0-0: Called Strike 0-1: SINGLE (Groundball, 6D, EV 109.4 MPH) Zack Barton scores Santino Pisanello to second
|
Batting: RHB Jerry Foster
|
0-0: Swinging Strike 0-1: Foul Ball, location: 2F 0-2: Ball 1-2: Ball 2-2: Strikes out swinging
|
Batting: RHB Ron Squires
|
0-0: Ball 1-0: Ball 2-0: Called Strike 2-1: Foul Ball, location: 2F 2-2: Ball 3-2: Foul Ball, location: 2F 3-2: Base on Balls Santino Pisanello to third Sal Cervantes to second
|
Batting: RHB Elias Sagrero
|
0-0: Ball Wild Pitch! Santino Pisanello scores Sal Cervantes to third Ron Squires to second 1-0: Called Strike 1-1: Foul Ball, location: 2F 1-2: Ball 2-2: Fly out, F7 (Flyball, 78D, EV 87.5 MPH) Runner from 3rd tags up, SCORES, no throw by LF
|
Batting: RHB Bill Flannery
|
0-0: Ball Ron Squires is caught stealing 3rd base 2-5
|
Bottom of the 1st over - 3 runs, 3 hits, 0 errors, 0 left on base; Palm Beach 0 - Amarillo 3 |
TOP OF THE 2ND |
Palm Beach Nationals batting - Pitching for Amarillo ThunderHeads : RHP Jose Vela
|
Batting: RHB Tylor Cyr
|
0-0: Ball 1-0: Ball 2-0: Foul Ball, location: 2F 2-1: Swinging Strike 2-2: Strikes out swinging
|
Batting: RHB Justin Davenport
|
0-0: Called Strike 0-1: Foul Ball, location: 2F 0-2: Ball 1-2: Fly out, F4 (Flyball, 4D, EV 91.9 MPH)
|
Batting: RHB Kiyonaga Nakamura
|
0-0: Ball 1-0: Foul Ball, location: 2F 1-1: Ball 2-1: Swinging Strike 2-2: Strikes out looking
|
Top of the 2nd over - 0 runs, 0 hits, 0 errors, 0 left on base; Palm Beach 0 - Amarillo 3 |
BOTTOM OF THE 2ND |
Amarillo ThunderHeads batting - Pitching for Palm Beach Nationals : LHP Johnny Busse
|
Batting: RHB Bill Flannery
|
0-0: DOUBLE (Flyball, 8RD, EV 101.9 MPH)
|
Batting: SHB Tyler Romo
|
0-0: Foul Ball, location: 2F 0-1: SINGLE (Groundball, 56D, EV 104.4 MPH) Bill Flannery to third
|
Batting: RHB Torsten Fisher
|
0-0: Ball 1-0: Ball 2-0: Called Strike 2-1: Ball 3-1: Called Strike 3-2: Foul Ball, location: 2F 3-2: Base on Balls Tyler Romo to second
|
Batting: SHB Zack Barton
|
0-0: SINGLE (Line Drive, 56D, EV 98.8 MPH) Bill Flannery scores Tyler Romo to third Torsten Fisher to second
|
Batting: LHB Santino Pisanello
|
0-0: Swinging Strike 0-1: Foul Ball, location: 2F 0-2: Foul Ball, location: 2F 0-2: Ball 1-2: Ball 2-2: DOUBLE (Groundball, 3L, EV 106.2 MPH) Tyler Romo scores Torsten Fisher scores Zack Barton to third
|
Batting: RHB Sal Cervantes
|
0-0: Called Strike 0-1: Ball 1-1: SINGLE (Groundball, 25, EV 68.8 MPH) (infield hit)
|
Batting: RHB Jerry Foster
|
0-0: Ball 1-0: Called Strike 1-1: Ball 2-1: Called Strike 2-2: Fly out, F7 (Flyball, 7D, EV 96.2 MPH) Runner from 3rd tags up, SCORES, no throw by LF
|
Batting: RHB Ron Squires
|
0-0: Swinging Strike 0-1: Ball 1-1: Fielders Choice at 2nd, 3-6 (Groundball, 34S, EV 91.9 MPH) Santino Pisanello to third
|
Batting: RHB Elias Sagrero
|
0-0: Ball 1-0: SINGLE (Flyball, 7LS, EV 93.8 MPH) Santino Pisanello scores Ron Squires to second
|
Pitching: RHP Scott Merritt
|
|
Batting: RHB Bill Flannery
|
0-0: Ball 1-0: Called Strike 1-1: Ball 2-1: DOUBLE (Flyball, 8LD, EV 91.2 MPH) Ron Squires scores Elias Sagrero to third
|
Batting: SHB Tyler Romo
|
0-0: SINGLE (Line Drive, 34D, EV 98.8 MPH) Elias Sagrero scores Bill Flannery to third Runner from 3rd tries for Home, SAFE, throw by RF to home
|
Batting: RHB Torsten Fisher
|
0-0: Ball 1-0: Foul Ball, location: 2F 1-1: Foul Ball, location: 2F 1-2: Ball 2-2: Foul Ball, location: 2F 2-2: Strikes out swinging, 2-3 out at first.
|
Bottom of the 2nd over - 8 runs, 8 hits, 0 errors, 1 left on base; Palm Beach 0 - Amarillo 11 |
TOP OF THE 3RD |
Palm Beach Nationals batting - Pitching for Amarillo ThunderHeads : RHP Jose Vela
|
Batting: RHB Vasag Semerjian
|
0-0: Ball 1-0: SINGLE (Groundball, 6MD, EV 97.5 MPH)
|
Batting: RHB Jessie Fisher
|
0-0: Ball 1-0: Ball 2-0: Swinging Strike 2-1: Called Strike 2-2: Foul Ball, location: 2F 2-2: Ball 3-2: Foul Ball, location: 2F 3-2: Strikes out swinging
|
Batting: LHB Mike Hamilton
|
0-0: Foul Ball, location: 2F 0-1: Ball Wild Pitch! Vasag Semerjian to second 1-1: Swinging Strike 1-2: Foul Ball, location: 2F 1-2: Ball 2-2: Ground out 4-3 (Groundball, 34D, EV 83.1 MPH) Vasag Semerjian to third
|
Batting: LHB Chris Williams
|
0-0: Called Strike 0-1: Ball 1-1: Called Strike 1-2: Ball 2-2: Foul Ball, location: 2F 2-2: Strikes out swinging
|
Top of the 3rd over - 0 runs, 1 hit, 0 errors, 1 left on base; Palm Beach 0 - Amarillo 11 |
BOTTOM OF THE 3RD |
Amarillo ThunderHeads batting - Pitching for Palm Beach Nationals : RHP Scott Merritt
|
Batting: SHB Zack Barton
|
0-0: DOUBLE (Line Drive, 78D, EV 100.6 MPH)
|
Batting: LHB Santino Pisanello
|
0-0: Foul Ball, location: 2F 0-1: Called Strike 0-2: Foul Ball, location: 2F 0-2: Foul Ball, location: 2F 0-2: Ball 1-2: Strikes out looking
|
Pitching: RHP Ken Yeadon
|
|
Batting: RHB Sal Cervantes
|
0-0: Ball 1-0: Swinging Strike 1-1: Ground out 5-3 (Groundball, 56S, EV 78.8 MPH)
|
Batting: RHB Jerry Foster
|
0-0: Swinging Strike 0-1: Ball 1-1: Fly out, F8 (Flyball, 8RD, EV 78.8 MPH)
|
Bottom of the 3rd over - 0 runs, 1 hit, 0 errors, 1 left on base; Palm Beach 0 - Amarillo 11 |
TOP OF THE 4TH |
Palm Beach Nationals batting - Pitching for Amarillo ThunderHeads : RHP Jose Vela
|
Batting: RHB Taffounnout Kame
|
0-0: Ball 1-0: Called Strike 1-1: Ground out 5-3 (Groundball, 56S, EV 88.8 MPH)
|
Batting: SHB Curtis DeLille
|
0-0: Ball 1-0: Called Strike 1-1: Fly out, F8 (Flyball, 8RD, EV 81.9 MPH)
|
Batting: RHB Tylor Cyr
|
0-0: Ball 1-0: Swinging Strike 1-1: Called Strike 1-2: Ball 2-2: Ball 3-2: Strikes out swinging
|
Top of the 4th over - 0 runs, 0 hits, 0 errors, 0 left on base; Palm Beach 0 - Amarillo 11 |
BOTTOM OF THE 4TH |
Amarillo ThunderHeads batting - Pitching for Palm Beach Nationals : RHP Ken Yeadon
|
Batting: RHB Ron Squires
|
0-0: Called Strike 0-1: Ball 1-1: Foul Ball, location: 2F 1-2: DOUBLE (Line Drive, 7LM, EV 115.0 MPH)
|
Batting: RHB Elias Sagrero
|
0-0: Ball 1-0: Swinging Strike 1-1: Ground out 4-3 (Groundball, 4S, EV 86.2 MPH) Ron Squires to third
|
Batting: RHB Bill Flannery
|
0-0: Ball 1-0: SINGLE (Line Drive, 9S, EV 91.2 MPH) Ron Squires scores
|
Batting: SHB Tyler Romo
|
0-0: Ball 1-0: Foul Ball, location: 2F 1-1: Swinging Strike Balk! Bill Flannery to second 1-2: Ball 2-2: Foul Ball, location: 2F 2-2: SINGLE (Line Drive, 78S, EV 105.6 MPH) Bill Flannery to third Runner from 3rd tries for Home, SAFE, throw by LF to home
|
Pitching: RHP Jimmy Purscell
|
|
Batting: RHB Torsten Fisher
|
0-0: Called Strike 0-1: Ball 1-1: Swinging Strike 1-2: Foul Ball, location: 2F 1-2: Foul Ball, location: 2F 1-2: Strikes out looking
|
Batting: SHB Zack Barton
|
0-0: Called Strike 0-1: Ball 1-1: Foul Ball, location: 2F 1-2: Ball 2-2: Foul Ball, location: 2F 2-2: Foul Ball, location: 2F 2-2: SINGLE (Groundball, 4D, EV 95.0 MPH) Tyler Romo to second
|
Batting: LHB Santino Pisanello
|
0-0: Called Strike 0-1: Called Strike 0-2: Ball 1-2: Ball 2-2: Ball 3-2: Base on Balls Tyler Romo to third Zack Barton to second
|
Batting: RHB Sal Cervantes
|
0-0: Ball 1-0: Ball 2-0: Ball 3-0: Base on Balls Tyler Romo scores Zack Barton to third Santino Pisanello to second
|
Batting: RHB Jerry Foster
|
0-0: Fly out, F8 (Flyball, 8LM, EV 95.0 MPH)
|
Bottom of the 4th over - 3 runs, 4 hits, 0 errors, 3 left on base; Palm Beach 0 - Amarillo 14 |
TOP OF THE 5TH |
Palm Beach Nationals batting - Pitching for Amarillo ThunderHeads : RHP Jose Vela
|
Batting: RHB Justin Davenport
|
0-0: Called Strike 0-1: Ball 1-1: Ball 2-1: Foul Ball, location: 2F 2-2: Foul Ball, location: 2F 2-2: Strikes out swinging, 2-3 out at first.
|
Batting: RHB Kiyonaga Nakamura
|
0-0: Ball 1-0: Swinging Strike 1-1: Foul Ball, location: 2F 1-2: Foul Ball, location: 2F 1-2: Strikes out swinging
|
Batting: RHB Vasag Semerjian
|
0-0: Ball 1-0: Foul Ball, location: 2F 1-1: Swinging Strike 1-2: Strikes out looking
|
Top of the 5th over - 0 runs, 0 hits, 0 errors, 0 left on base; Palm Beach 0 - Amarillo 14 |
BOTTOM OF THE 5TH |
Amarillo ThunderHeads batting - Pitching for Palm Beach Nationals : RHP Jimmy Purscell
|
Batting: RHB Ron Squires
|
0-0: Ball 1-0: Called Strike 1-1: SINGLE (Groundball, 6MD, EV 98.1 MPH)
|
Batting: RHB Elias Sagrero
|
0-0: Called Strike 0-1: Ball 1-1: Fielders Choice at 2nd, 5-4 (Groundball, 56S, EV 81.2 MPH)
|
Batting: RHB Bill Flannery
|
0-0: Called Strike 0-1: Foul Ball, location: 2F 0-2: Ball 1-2: Strikes out looking
|
Batting: SHB Tyler Romo
|
0-0: Called Strike 0-1: Called Strike 0-2: DOUBLE (Line Drive, 7LD, EV 103.8 MPH) Elias Sagrero to third
|
Batting: RHB Torsten Fisher
|
0-0: Ground out 6-3 (Groundball, 6, EV 87.5 MPH)
|
Bottom of the 5th over - 0 runs, 2 hits, 0 errors, 2 left on base; Palm Beach 0 - Amarillo 14 |
TOP OF THE 6TH |
Palm Beach Nationals batting - Pitching for Amarillo ThunderHeads : RHP Jose Vela
|
Batting: RHB Jessie Fisher
|
0-0: Ground out U3 (Groundball, 34, EV 81.9 MPH)
|
Batting: LHB Mike Hamilton
|
0-0: Called Strike 0-1: SINGLE (Groundball, 6MS, EV 98.8 MPH)
|
Batting: LHB Chris Williams
|
0-0: Ball 1-0: Foul Ball, location: 2F 1-1: Fielders Choice at 2nd, 5-4 (Groundball, 56, EV 83.8 MPH)
|
Batting: RHB Taffounnout Kame
|
0-0: Called Strike 0-1: Foul Ball, location: 2F 0-2: Ball 1-2: Foul Ball, location: 2F 1-2: Ball Wild Pitch! Chris Williams to second 2-2: Strikes out looking
|
Top of the 6th over - 0 runs, 1 hit, 0 errors, 1 left on base; Palm Beach 0 - Amarillo 14 |
BOTTOM OF THE 6TH |
Amarillo ThunderHeads batting - Pitching for Palm Beach Nationals : RHP Jimmy Purscell
|
Batting: SHB Zack Barton
|
0-0: Foul Ball, location: 2F 0-1: Ball 1-1: Ball 2-1: Ball 3-1: Ground out 4-3 (Groundball, 4, EV 101.2 MPH)
|
Batting: LHB Santino Pisanello
|
0-0: Foul Ball, location: 2F 0-1: Ball 1-1: Swinging Strike 1-2: Ball 2-2: Ball 3-2: Base on Balls
|
Batting: RHB Sal Cervantes
|
0-0: Ball 1-0: Ball 2-0: SINGLE (Groundball, 6M, EV 96.9 MPH) Santino Pisanello to second
|
Batting: RHB Jerry Foster
|
0-0: Ball 1-0: Ball 2-0: Called Strike 2-1: Ball 3-1: Base on Balls Santino Pisanello to third Sal Cervantes to second
|
Batting: RHB Ron Squires
|
0-0: Ball 1-0: Ball 2-0: Ball 3-0: Base on Balls Santino Pisanello scores Sal Cervantes to third Jerry Foster to second
|
Batting: RHB Elias Sagrero
|
0-0: Ball 1-0: Called Strike 1-1: Swinging Strike 1-2: Hit by Pitch Sal Cervantes scores Jerry Foster to third Ron Squires to second
|
Batting: RHB Bill Flannery
|
0-0: Called Strike 0-1: Ball 1-1: Ball 2-1: Foul Ball, location: 2F 2-2: Strikes out swinging
|
Batting: SHB Tyler Romo
|
0-0: DOUBLE (Flyball, 8LD, EV 103.1 MPH) Jerry Foster scores Ron Squires scores Elias Sagrero to third Runner from 3rd tries for Home, SAFE, no throw by CF
|
Batting: RHB Torsten Fisher
|
0-0: Foul Ball, location: 2F 0-1: Called Strike 0-2: Foul Ball, location: 2F 0-2: Ball 1-2: Foul Ball, location: 2F 1-2: Foul Ball, location: 2F 1-2: SINGLE (Line Drive, 7S, EV 93.1 MPH) Tyler Romo to third
|
Batting: SHB Zack Barton
|
0-0: Ball 1-0: Called Strike 1-1: SINGLE (Groundball, 56D, EV 107.5 MPH) Tyler Romo scores Torsten Fisher to second
|
Batting: LHB Santino Pisanello
|
0-0: Fielders Choice at 2nd, 6-4 (Groundball, 6, EV 84.4 MPH)
|
Bottom of the 6th over - 6 runs, 4 hits, 0 errors, 2 left on base; Palm Beach 0 - Amarillo 20 |
TOP OF THE 7TH |
Palm Beach Nationals batting - Pitching for Amarillo ThunderHeads : RHP Jose Vela
|
Batting: SHB Curtis DeLille
|
0-0: Ground out 3-1 (Groundball, 34, EV 79.4 MPH)
|
Batting: RHB Tylor Cyr
|
0-0: Ball 1-0: Called Strike 1-1: Foul Ball, location: 2F 1-2: Foul Ball, location: 2F 1-2: Strikes out swinging
|
Batting: RHB Justin Davenport
|
0-0: Ball 1-0: Ball 2-0: Called Strike 2-1: Foul Ball, location: 2F 2-2: Strikes out looking
|
Top of the 7th over - 0 runs, 0 hits, 0 errors, 0 left on base; Palm Beach 0 - Amarillo 20 |
BOTTOM OF THE 7TH |
Amarillo ThunderHeads batting - Pitching for Palm Beach Nationals : RHP Jimmy Purscell
|
Batting: RHB Sal Cervantes
|
0-0: Ground out 5-3 (Groundball, 56S, EV 80.6 MPH)
|
Pinch Hitting: RHB Eric Juarez
|
0-0: Ball 1-0: Ground out 3-1 (Groundball, 34, EV 110.0 MPH)
|
Batting: RHB Ron Squires
|
0-0: Ground out 3-1 (Groundball, 34, EV 88.1 MPH)
|
Bottom of the 7th over - 0 runs, 0 hits, 0 errors, 0 left on base; Palm Beach 0 - Amarillo 20 |
TOP OF THE 8TH |
Palm Beach Nationals batting - Pitching for Amarillo ThunderHeads : RHP Jose Vela
|
Now in LF: Eric Juarez
|
|
Batting: RHB Kiyonaga Nakamura
|
0-0: Called Strike 0-1: Swinging Strike 0-2: Ball 1-2: Foul Ball, location: 2F 1-2: Strikes out looking
|
Batting: RHB Vasag Semerjian
|
0-0: Ball 1-0: Called Strike 1-1: Ground out 5-3 (Groundball, 56, EV 108.8 MPH)
|
Batting: RHB Jessie Fisher
|
0-0: Called Strike 0-1: Ball 1-1: Called Strike 1-2: Fly out, F7 (Flyball, 78M, EV 91.2 MPH)
|
Top of the 8th over - 0 runs, 0 hits, 0 errors, 0 left on base; Palm Beach 0 - Amarillo 20 |
BOTTOM OF THE 8TH |
Amarillo ThunderHeads batting - Pitching for Palm Beach Nationals : RHP Jimmy Purscell
|
Batting: RHB Elias Sagrero
|
0-0: Ball 1-0: SINGLE (Line Drive, 3D, EV 101.2 MPH)
|
Pinch Hitting: RHB Morgan Harding
|
0-0: SINGLE (Groundball, 4MD, EV 101.2 MPH) Elias Sagrero to second
|
Batting: SHB Tyler Romo
|
0-0: Called Strike 0-1: Ball 1-1: Ball 2-1: Ball 3-1: Base on Balls Elias Sagrero to third Morgan Harding to second
|
Batting: RHB Torsten Fisher
|
0-0: Fly out, F7 (Flyball, 7, EV 92.5 MPH)
|
Batting: SHB Zack Barton
|
0-0: Ground out 5-3 (Groundball, 56S, EV 69.4 MPH) Elias Sagrero scores Morgan Harding to third Tyler Romo to second
|
Batting: LHB Santino Pisanello
|
0-0: Foul Ball, location: 2F 0-1: Ground out 1-3 (Groundball, P, EV 67.5 MPH)
|
Bottom of the 8th over - 1 run, 2 hits, 0 errors, 2 left on base; Palm Beach 0 - Amarillo 21 |
TOP OF THE 9TH |
Palm Beach Nationals batting - Pitching for Amarillo ThunderHeads : RHP Jose Vela
|
Now at 1B: Morgan Harding
|
|
Batting: LHB Mike Hamilton
|
0-0: Called Strike 0-1: Called Strike 0-2: Foul Ball, location: 2F 0-2: Ball 1-2: Ball 2-2: Ball 3-2: Foul Ball, location: 2F 3-2: Base on Balls
|
Batting: LHB Chris Williams
|
0-0: Called Strike 0-1: Ball 1-1: Swinging Strike 1-2: Ball Wild Pitch! Mike Hamilton to second 2-2: Ball 3-2: Strikes out swinging
|
Pitching: LHP Pat Mena
|
|
Batting: RHB Taffounnout Kame
|
0-0: Called Strike 0-1: Swinging Strike 0-2: Ball 1-2: Foul Ball, location: 2F 1-2: Strikes out looking
|
Batting: SHB Curtis DeLille
|
0-0: Foul Ball, location: 2F 0-1: Ball 1-1: Ball Passed Ball! Mike Hamilton to third 2-1: Ball 3-1: Base on Balls
|
Batting: RHB Tylor Cyr
|
0-0: Ground out 5-3 (Groundball, 56S, EV 69.4 MPH)
|
Top of the 9th over - 0 runs, 0 hits, 0 errors, 2 left on base; Palm Beach 0 - Amarillo 21 |
|